 Dungeon Crawl Stone Soup version 0.17.1-1-g73c8601 (webtiles) character file.

4428 Goblin1989 the Martial Artist (level 10, -5/57 HPs)
             Began as a Vine Stalker Monk on Jan 9, 2016.
             Was an Elder of Elyvilon.
             Slain by a freezing wraith (14 damage)
             ... on level 10 of the Dungeon.
             The game lasted 00:24:41 (7122 turns).

Goblin1989 the Martial Artist (Vine Stalker Monk)   Turns: 7122, Time: 00:24:41

Health: -5/57      AC: 10    Str: 17    XL:     10   Next: 36%
Magic:  0/16       EV: 10    Int: 10    God:    Elyvilon [****..]
Gold:   933        SH:  0    Dex: 17    Spells: 0 memorised, 9 levels left

rFire  . . .     SeeInvis .       - Unarmed
rCold  . . .     Clarity  .     o - -1 scale mail
rNeg   + . .     SustAt   .     (no shield)
rPois  +         Gourm    .     h - +0 helmet
rElec  .         Spirit   +     i - +0 cloak
rCorr  .         Warding  +     k - +2 pair of gloves
rMut   .         Stasis   .     (no boots)
MR     ++...                    q - amulet of warding
Stlth  +.........               C - ring of poison resistance
                                H - ring of protection from magic

@: very resistant to hostile enchantments, very unstealthy
A: fangs 3, regeneration 2, magic shield, antimagic bite, no device heal 3, rot
immunity
a: Lesser Healing, Heal Other, Purification, Greater Healing, Divine Protection,
Renounce Religion


You were on level 10 of the Dungeon.
You worshipped Elyvilon.
Elyvilon was greatly pleased with you.
You were not hungry.

You visited 1 branch of the dungeon, and saw 10 of its levels.
You also visited: Sewer and Ossuary.

You collected 933 gold pieces.

Inventory:

Armour
 h - a +0 helmet (worn)
 i - a +0 cloak (worn)
 k - a +2 pair of gloves (worn)
 o - a -1 scale mail (worn)
Jewellery
 q - an amulet of warding (around neck)
 w - a +3 ring of protection {unknown}
 C - a ring of poison resistance (right hand)
 E - an uncursed ring of sustain attributes
 H - a ring of protection from magic (left hand)
Wands
 m - a wand of hasting (7)
Scrolls
 c - 4 scrolls of identify
 d - 2 scrolls of blinking
 e - 11 scrolls of remove curse
 f - a scroll of enchant armour
 j - 3 scrolls of fear
 s - 2 scrolls of magic mapping
 t - 3 scrolls of teleportation {unknown}
 v - a scroll of random uselessness {unknown}
 y - 2 scrolls of immolation {unknown}
 z - a scroll of amnesia {unknown}
 G - 2 scrolls of noise {unknown}
 J - a scroll of enchant weapon {unknown}
 K - 2 scrolls of recharging
Potions
 a - 2 potions of flight
 n - a potion of mutation {unknown}
 p - a potion of might {unknown}
 r - 3 potions of agility
 x - a potion of curing
 A - 3 potions of degeneration
 B - 2 potions of magic {unknown}
 F - a potion of brilliance {unknown}
 I - 2 potions of resistance {unknown}
 L - a potion of beneficial mutation {unknown}
 M - 2 potions of haste {unknown}
Comestibles
 b - 7 bread rations
 g - 10 slices of pizza
 l - 2 royal jellies
 u - 6 meat rations
 O - 3 beef jerkies


   Skills:
 * Level 8.4 Fighting
 - Level 2.4 Dodging
 - Level 2.4 Stealth
 + Level 10.3 Unarmed Combat
 + Level 7.3 Invocations


You had 9 spell levels left.
You didn't know any spells.

Dungeon Overview and Level Annotations

Branches:
Dungeon (10/15)            Temple (0/1) D:4
   Lair: D:8-11         Orc: D:9-12

Altars:
Ashenzari
Cheibriados
Dithmenos
Elyvilon
Gozag
Makhleb
Okawaru
Sif Muna
Trog
Vehumet
Yredelemnul
Zin
The Shining One

Annotations:
D:9 Uhlv's ghost, novice MiBe


Innate Abilities, Weirdness & Mutations

You have razor-sharp teeth.
You heal very quickly.
When hurt, damage is shared between your health and your magic reserves.
Your bite disrupts and absorbs the magic of your enemies.
Potions and wands cannot restore your health.
You are immune to rotting.


Message History

The freezing wraith is moderately damaged.
The freezing wraith closely misses you.
The freezing wraith hits you but does no damage.
You punch the freezing wraith! You bite the freezing wraith.
You drain its power.
The freezing wraith is heavily damaged.
The freezing wraith hits you! The freezing wraith freezes you!!
The freezing wraith hits you.
You hit the freezing wraith but do no damage.
The freezing wraith is heavily damaged.
The freezing wraith hits you! The freezing wraith freezes you!!
* * * LOW HITPOINT WARNING * * *
The freezing wraith hits you.
* * * LOW HITPOINT WARNING * * *
You hit the freezing wraith. Your punch misses the freezing wraith.
The freezing wraith is heavily damaged.
The freezing wraith hits you.
* * * LOW HITPOINT WARNING * * *
The freezing wraith freezes you!
You die...

.##+######
.......@.#
≈≈≈...W..#
≈≈.......#
≈≈.......#
≈........+
.........#
.........#
##########


You could see a freezing wraith.

Vanquished Creatures
  A human (D:7)
  A wyvern (D:9)
  A hippogriff (D:7)
  2 ogres
  A black bear (D:7)
  3 ice beasts
  A necrophage (D:7)
  A wasp (D:7)
  2 phantoms
  5 centaurs
  Blork the orc (D:5)
  3 giant frogs
  A gnoll sergeant (D:3)
  3 scorpions
  A crimson imp (D:5)
  3 giant frog zombies
  2 centaur zombies
  2 hounds
  2 iguanas
  A giant frog skeleton (D:5)
  6 worker ants
  3 centaur skeletons
  Terence (D:2)
  5 orc wizards
  Natasha (thrice) (D:2)
  4 orc priests
  4 big kobold zombies (Ossuary)
  4 sheep (D:7)
  2 mummies (Ossuary)
  A hound skeleton (D:6)
  2 hound zombies
  2 worker ant zombies (D:7)
  37 gnolls (D:3)
  14 adders
  8 oozes
  3 worms
  6 adder skeletons
  3 adder zombies
  22 orcs
  18 ball pythons
  8 bats
  14 giant cockroaches
  2 gnoll zombies (Ossuary)
  6 goblins
  7 hobgoblins
  23 jackals
  7 kobolds
  16 giant geckos
  A giant gecko zombie (D:6)
  18 giant newts
  2 goblin zombies (Ossuary)
  4 hobgoblin zombies (Ossuary)
  A jackal skeleton (D:6)
  An orc zombie (Ossuary)
  A quokka (D:5)
  9 rats
305 creatures vanquished.

Vanquished Creatures (others)
  A troll (D:9)
  A giant frog (Sewer)
  A gnoll shaman (D:3)
  A worker ant (D:9)
  A gnoll (D:3)
5 creatures vanquished.

Grand Total: 310 creatures vanquished

Notes
Turn   | Place    | Note
--------------------------------------------------------------
     0 | D:1      | Goblin1989 the Vine Stalker Monk began the quest for the Orb.
     0 | D:1      | Reached XP level 1. HP: 11/11 MP: 2/2
   130 | D:1      | Reached XP level 2. HP: 14/16 MP: 3/3
   465 | D:2      | Noticed Natasha
   477 | D:2      | Killed Natasha
   477 | D:2      | Reached skill level 5 in Unarmed Combat
   477 | D:2      | Reached XP level 3. HP: 10/19 MP: 4/4
   562 | D:2      | Found a bloodstained altar of Trog.
   686 | D:2      | Noticed Natasha
   690 | D:2      | Killed Natasha
   722 | D:2      | Noticed Terence
   723 | D:2      | Noticed Natasha
   732 | D:2      | Killed Terence
   732 | D:2      | Reached XP level 4. HP: 8/23 MP: 5/5
   736 | D:2      | Killed Natasha
   951 | D:2      | Found a white marble altar of Elyvilon.
   970 | D:2      | Became a worshipper of Elyvilon the Healer
   970 | D:2      | Reached * piety under Elyvilon
   970 | D:2      | Reached ** piety under Elyvilon
  1341 | D:3      | Found a glowing drain.
  1366 | Sewer    | Entered a sewer
  1368 | Sewer    | Reached skill level 6 in Unarmed Combat
  1401 | Sewer    | Reached XP level 5. HP: 27/27 MP: 6/6
  1539 | Sewer    | Reached skill level 1 in Invocations
  1756 | Sewer    | Gained mutation: You heal very quickly. [Vine Stalker growth]
  1756 | Sewer    | Reached XP level 6. HP: 32/32 MP: 8/8
  1767 | Sewer    | Noticed a giant frog
  1768 | Sewer    | Noticed a giant frog
  1780 | Sewer    | Pacified a giant frog
  1780 | Sewer    | Killed a giant frog
  1780 | Sewer    | Reached skill level 7 in Unarmed Combat
  2089 | D:4      | Found a staircase to the Ecumenical Temple.
  2108 | D:4      | Reached XP level 7. HP: 31/35 MP: 7/10
  2302 | D:4      | Found an opulent altar of Gozag.
  2302 | D:4      | Found a glowing silver altar of Zin.
  2488 | D:4      | Reached skill level 8 in Unarmed Combat
  2721 | D:5      | Entered Level 5 of the Dungeon
  2721 | D:5      | Reached *** piety under Elyvilon
  2813 | D:5      | Found a sand-covered staircase.
  2817 | Ossuary  | Entered an ossuary
  2913 | Ossuary  | Gained mutation: You have razor-sharp teeth. [Vine Stalker growth]
  2913 | Ossuary  | Reached XP level 8. HP: 22/40 MP: 6/11
  3248 | D:5      | Noticed Blork the orc
  3268 | D:5      | Killed Blork the orc
  3615 | D:6      | Reached skill level 9 in Unarmed Combat
  3848 | D:6      | Found a deep blue altar of Sif Muna.
  3849 | D:6      | Found an iron altar of Okawaru.
  3855 | D:6      | Found a shattered altar of Ashenzari.
  3855 | D:6      | Found a snail-covered altar of Cheibriados.
  3914 | D:6      | Found a shadowy altar of Dithmenos.
  3934 | D:6      | Reached skill level 5 in Invocations
  3955 | D:6      | Reached **** piety under Elyvilon
  4002 | D:6      | Reached skill level 5 in Fighting
  4079 | D:6      | Reached XP level 9. HP: 40/47 MP: 13/13
  4666 | D:3      | Noticed a gnoll sergeant
  4682 | D:3      | Killed a gnoll sergeant
  4972 | D:3      | Found a glowing golden altar of the Shining One.
  5058 | D:3      | Found a basalt altar of Yredelemnul.
  5626 | D:7      | Found an opulent altar of Gozag.
  5765 | D:7      | Paralysed by a wasp for 1 turns
  6113 | D:7      | Reached skill level 10 in Unarmed Combat
  6183 | D:7      | Reached XP level 10. HP: 40/55 MP: 16/16
  6464 | D:8      | Found a burning altar of Makhleb.
  6661 | D:8      | Found a radiant altar of Vehumet.
  6985 | D:9      | Noticed a tengu warrior
  6988 | D:9      | Pacified a tengu warrior
  6997 | D:9      | Noticed Uhlv's ghost (novice MiBe)
  7057 | D:9      | Noticed a cyclops
  7115 | D:10     | Entered Level 10 of the Dungeon
  7122 | D:10     | Slain by a freezing wraith

Action                   |  1- 3 |  4- 6 |  7- 9 | 10-12 || total
-------------------------+-------+-------+-------+-------++-------
Melee: Unarmed           |    79 |   324 |   555 |    87 ||  1045
Invok: Heal Other        |       |     1 |     1 |     7 ||     9
       Lesser Healing    |       |       |     1 |       ||     1
  Use: Scroll            |       |       |    10 |     1 ||    11
 Stab: Sleeping          |     1 |       |       |       ||     1
  Eat: Chunk             |       |     4 |    13 |     3 ||    20
       Fruit             |       |       |     3 |     4 ||     7
